cohdb
Replays
Latest Replays
All Replays
Popular Replays
Top Player Replays
Match Explorer
How It Works
Community
CoH3 Stats
Reddit
Sign in to upload your games and track your stats! →
Sign in with Steam
Match 46720249
Unlisted
Match 46720249
Overview
Messages
Build Orders
End
Kradschützen Motorcycle Team
Panzerpioneer Squad
Panzerpioneer Squad
Construct Light Support Kompanie
Fire Support Elements
Veteran Squad Leaders
MG34 Team
Selects Italian Infantry
Selects Guastatori Squad
Selects L6/40 Light Tank Combat Group
L6/40 Light Tank Combat Group
Panzerjäger Mechanized Group
L6/40 Light Tank Combat Group
Selects Sound the Alarm
Selects Prepared Positions
Guastatori Squad
Construct Panzerarmee Kommand
Be Frabjous
CrackSensation
water
Hirys it's Irys
Kakash
[BIG] SWEEDS
Rocket
MacheteCL415
0
0
Comments
sign in to comment!
No comments posted yet!